 Dungeon Crawl Stone Soup version 0.32-a0-886-g41c5271027 (webtiles) character file.

Game seed: 4596821449181582713

2466 Fodor the Cruncher (level 9, -2/79 HPs)
             Began as a Minotaur Fighter on Apr 1, 2024.
             Was an Initiate of Gozag.
             Killed by divine providence
             ... invoked by Jeremiah
              (13 damage)
             ... on level 7 of the Dungeon on Apr 2, 2024.
             The game lasted 00:21:06 (6722 turns).

Fodor the Cruncher (Minotaur Fighter)               Turns: 6722, Time: 00:21:09

Health: -2/79      AC: 15    Str: 26    XL:     9   Next: 26%
Magic:  8/8        EV:  8    Int:  5    God:    Gozag
Gold:   377        SH:  0    Dex:  9    Spells: 8/8 levels left

rFire   . . .        e - +0 quarterstaff (speed)
rCold   . . .        (shield currently unavailable)
rNeg    . . .        o - +1 chain mail
rPois   .            (helmet restricted)
rElec   .            c - +2 cloak
rCorr   +            (no gloves)
SInv    +            (no boots)
Will    .....        (no amulet) Stlth
                     h - ring of resist corrosion
HPRegen 0.33/turn    i - ring of see invisible
MPRegen 0.11/turn

%: no passive effects
@: studying Polearms
A: horns 2, retaliatory headbutt, deterioration 1
a: Renounce Religion, Potion Petition, Call Merchant, Bribe Branch


You were on level 7 of the Dungeon.
You worshipped Gozag.
Gozag was aware of your devotion.
You visited 2 branches of the dungeon, and saw 8 of its levels.
You also visited: Ossuary.

You collected 459 gold pieces.
You paid 82 gold pieces to Gozag.

Inventory:

Hand Weapons
 a - a +0 war axe
 e - a +0 quarterstaff of speed (weapon)
Armour
 c - a +2 cloak (worn)
 o - a +1 chain mail (worn)
 r - a +0 kite shield
Jewellery
 h - a ring of resist corrosion (left hand)
 i - a ring of see invisible (right hand)
Wands
 y - a wand of flame (25)
Scrolls
 f - a scroll of torment {unknown}
 g - 2 scrolls of enchant weapon {unknown}
 j - 3 scrolls of teleportation
 q - 2 scrolls of vulnerability
 v - 2 scrolls of noise {unknown}
 x - a scroll of summoning {unknown}
 z - 2 scrolls of immolation {unknown}
Potions
 b - 4 potions of haste {unknown}
 d - a potion of ambrosia {unknown}
 k - a potion of lignification {unknown}
 l - 2 potions of brilliance {unknown}
 m - 2 potions of heal wounds {unknown}
 n - 2 potions of mutation
 p - 3 potions of curing {unknown}
 s - 2 potions of invisibility {unknown}
 t - 4 potions of enlightenment {unknown}
 u - 3 potions of resistance {unknown}
 w - a potion of magic {unknown}


   Skills:
 + Level 7.0 Fighting
 + Level 2.6 Axes
 + Level 10.5 Staves
 + Level 8.6 Armour
 + Level 2.4 Dodging
 + Level 0.4 Stealth
 + Level 4.1 Shields


You had 8 spell levels left.
You didn't know any spells.
Your spell library contained the following spells:

 Spells                   Type           Power      Damage    Failure   Level
 Shock                    Conj/Air       0%         1d3       91%         1
 Swiftness                Air            0%         N/A       100%        3
 Airstrike                Air            0%         2d(0-16)  100%        4


Dungeon Overview and Level Annotations

Branches:
Dungeon (7/15)             Temple (1/1) D:6         Ossuary (visited)

Altars:
Ashenzari
Cheibriados
Dithmenos
Elyvilon
Fedhas
Gozag
Hepliaklqana
Kikubaaqudgha
Makhleb
Nemelex Xobeh
Okawaru
Qazlal
Ru
Trog
Uskayaw
Vehumet
Wu Jian
Xom
Yredelemnul
Zin
The Shining One

Annotations:
D:4 1 runed translucent door, RoseCult's ghost, amateur MiFi
D:6 2 transporters, prad's ghost, novice DECj
D:7 Jeremiah


Innate Abilities, Weirdness & Mutations

You have a pair of horns on your head.
You reflexively headbutt those who attack you in melee.
Your body sometimes deteriorates upon taking damage.


Message History

The butterfly is distracted by your dazzling golden aura.
Jeremiah hits you but does no damage.
Jeremiah hits you with a +2 vampiric trident.
* * * LOW HITPOINT WARNING * * *
Jeremiah draws strength from your wounds!
You miss Jeremiah. Your headbutt misses Jeremiah.
Jeremiah is severely wounded.
You hit Jeremiah but do no damage.
You headbutt Jeremiah, but do no damage.
Jeremiah is severely wounded.
Jeremiah barely misses you.
You hit Jeremiah but do no damage. Your headbutt misses Jeremiah.
Jeremiah is severely wounded.
The butterfly disappears in a burst of colours!
The butterfly is no longer distracted by gold.
The butterfly is distracted by your dazzling golden aura.
You hit Jeremiah but do no damage. Your headbutt misses Jeremiah.
Jeremiah is severely wounded.
The butterfly is distracted by your dazzling golden aura.
Jeremiah hops!
You hit the butterfly.
You kill the butterfly!
The butterfly disappears in a burst of colours!
The butterfly disappears in a burst of colours! x3
Jeremiah shouts, "O dreadful one, destroy my foe!"
Something smites you!
* * * LOW HITPOINT WARNING * * *
You see here 20 gold pieces.
The butterfly is no longer distracted by gold.
The butterfly disappears in a burst of colours!
Jeremiah hits you but does no damage.
You are no longer corroded.
It was a potion of mutation.
You feel extremely strange.
You feel yourself wasting away.
The butterfly disappears in a burst of colours! x3
Jeremiah throws their arms up pleadingly.
Something smites you!
You die...
Jeremiah asks, "Is it over?
Can I wake up now?"
Your body crumbles into a pile of gold.

#.##......### #
######.##.######
# ##...........##
#
##....b...b....##
#
#........b......#
#
#...b..bb..$....#
#
#.....b$..b.>...#
#
#....bbb........#
#
#...Fb.@..b.....#
##...b.........##
##.b...#.....##
#############


You could see Jeremiah.

Vanquished Creatures
  Eustachio (D:4)
  3 water moccasins
  An ice beast (D:5)
  2 black bears
  An ogre (D:5)
  3 elf zombies (Ossuary)
  A bullfrog (D:7)
  3 scorpions
  A howler monkey (D:5)
  2 bombardier beetles (D:4)
  2 centaur zombies (Ossuary)
  3 hounds
  4 human zombies (Ossuary)
  2 jellies
  5 orc priests
  An iguana (D:5)
  4 sleepcaps
  6 orc wizards
  A bullfrog simulacrum (Ossuary)
  A crocodile zombie (Ossuary)
  4 mummies
  3 gnolls (D:7)
  5 adders
  A shadow imp (D:5)
  A white imp (D:7)
  8 ufetubi
  A dart slug (D:2)
  2 ribbon worms
  28 orcs
  8 bats
  5 endoplasms
  4 giant cockroaches
  7 goblins
  4 hobgoblins (D:1)
  6 jackals
  3 quokkas
  3 ball pythons
  A frilled lizard (D:1)
  4 kobolds
  A kobold zombie (D:6)
  An orc zombie (D:6)
  4 rats
151 creatures vanquished.

Notes
Turn   | Place    | Note
-------+----------+-------------------------------------------
     0 | D:1      | Fodor the Minotaur Fighter began the quest for the Orb.
     0 | D:1      | Reached XP level 1. HP: 19/19 MP: 0/0
    75 | D:1      | Reached XP level 2. HP: 27/27 MP: 1/1
   287 | D:1      | Reached XP level 3. HP: 32/33 MP: 2/2
   960 | D:2      | Reached skill level 1 in Staves
  1165 | D:2      | Reached skill level 2 in Staves
  1165 | D:2      | Reached XP level 4. HP: 34/41 MP: 3/3
  1616 | D:3      | Reached skill level 1 in Dodging
  1712 | D:3      | Found a sparkling altar of Nemelex Xobeh.
  1965 | D:3      | Found a glowing silver altar of Zin.
  2286 | D:4      | Noticed a scorpion
  2296 | D:4      | Killed a scorpion
  2297 | D:4      | Reached skill level 3 in Staves
  2297 | D:4      | Reached skill level 5 in Armour
  2297 | D:4      | Reached XP level 5. HP: 47/47 MP: 4/4
  2320 | D:4      | Noticed Eustachio
  2362 | D:4      | Killed Eustachio
  2363 | D:4      | Reached skill level 4 in Staves
  2363 | D:4      | Reached XP level 6. HP: 18/55 MP: 5/5
  2406 | D:4      | Upgraded the game from 0.32-a0-876-gcfddb08e57 to
                  | 0.32-a0-886-g41c5271027
  2706 | D:4      | Found a basalt altar of Yredelemnul.
  2880 | D:4      | Reached skill level 5 in Fighting
  2915 | D:4      | Reached skill level 5 in Staves
  3352 | D:4      | Found a runed translucent door.
  3357 | D:4      | Noticed RoseCult's ghost (amateur MiFi)
  3665 | D:4      | Reached XP level 7. HP: 58/61 MP: 6/6
  3862 | D:5      | Entered Level 5 of the Dungeon
  3941 | D:5      | Reached skill level 6 in Staves
  4441 | D:5      | Reached skill level 7 in Staves
  4607 | D:5      | Reached XP level 8. HP: 70/70 MP: 7/7
  5106 | D:6      | Found a sand-covered staircase.
  5114 | Ossuary  | Entered an ossuary
  5279 | Ossuary  | Reached skill level 8 in Staves
  5431 | D:6      | Found a transporter.
  5474 | D:6      | Reached skill level 9 in Staves
  5657 | D:6      | Found a staircase to the Ecumenical Temple.
  5666 | Temple   | Entered the Ecumenical Temple
  5708 | Temple   | Became a worshipper of Gozag Ym Sagoz the Greedy
  5771 | D:6      | Noticed prad's ghost (novice DECj)
  5779 | D:6      | Found a transporter.
  5987 | D:7      | Reached XP level 9. HP: 27/78 MP: 8/8
  5992 | D:7      | Reached skill level 10 in Staves
  6211 | D:7      | Found a shimmering altar of Xom.
  6276 | D:7      | Identified the +4 spear "Reont" {flame, *Slow rElec Str+4
                  | Int+4}
  6631 | D:7      | Noticed Jeremiah
  6722 | D:7      | Gained mutation: Your body sometimes deteriorates upon
                  | taking damage. [potion of mutation]
  6722 | D:7      | Killed from afar by Jeremiah

Illustrated notes

Levels and vault maps discovered:
D:1:      lightli_arrival_noodles, layout_basic, minmay_misc_feat_alley
D:2:      cheibrodos_pilgrimage, layout_basic
D:3:      layout_loops_corners, mainiacjoe_overflow_tiny_flanked,
          mainiacjoe_overflow_alcove_2
D:4:      layout_basic, mainiacjoe_overflow_alcove_1,
          ebering_ghost_reflecting_pool, uniq_eustachio
D:5:      cheibrodos_helix_gallery, layout_basic, nicolae_elevator_lobby_plus
D:6:      layout_rooms, minmay_temple_entry_antechambers, gammafunk_ghost_arena,
          nicolae_ossuary_entry_giza
D:7:      layout_rooms, kennysheep_little_box, nicolae_sextant,
          minmay_manual_monstrance, uniq_jeremiah
Temple:   minmay_crystal_spiral_temple

Skill      XL: |  1  2  3  4  5  6  7  8  9 |
---------------+----------------------------+-----
Shields        | 4 |  4.1
Armour         | 4 5 7 8 |  8.6
Fighting       | 4 5 6 7 |  7.0
Staves         | 2 3 4 5 7 9 10 | 10.5
Dodging        | 1 2 |  2.4
Axes           | |  2.6
Stealth        | |  0.4

Action                     |  1- 3 |  4- 6 |  7- 9 || total
---------------------------+-------+-------+-------++-------
  Melee: Quarterstaff      |    76 |   114 |   347 ||   537
         Headbutt          |     7 |    19 |    64 ||    90
    Use: Scroll            |       |     1 |     3 ||     4
         Potion            |       |       |     2 ||     2
 Armour: Scale mail        |    56 |    18 |       ||    74
         Chain mail        |       |    78 |   236 ||   314
  Dodge: Dodged            |    45 |    41 |   110 ||   196

Table legend: (Time is in decaauts)
 A = Elapsed time spent in this place.
 B = Non-inter-level travel time spent in this place.
 C = Inter-level travel time spent in this place.
 D = Time resting spent in this place.
 E = Time spent auto-exploring this place.
 F = Levels seen in this place.
 G = Mean time per level.
                   A        B        C        D        E       F      G
               +--------+--------+--------+--------+--------+-----+--------+
         Total |   6534 |   6315 |    219 |    118 |   4396 |   9 |  726.0 |
       Dungeon |   6219 |   6000 |    219 |    118 |   4303 |   7 |  888.4 |
        Temple |     88 |     88 |      0 |      0 |      0 |   1 |   88.0 |
       Ossuary |    226 |    226 |      0 |      0 |     93 |   1 |  226.0 |
               +--------+--------+--------+--------+--------+-----+--------+

Top non-repeatable levels by time:
     D:4: 1445 daAuts
     D:5: 1098 daAuts
     D:3: 916 daAuts
     D:2: 898 daAuts
     D:7: 721 daAuts
     D:6: 580 daAuts
     D:1: 558 daAuts
 Ossuary: 226 daAuts
  Temple: 88 daAuts
